[Event "*** Titled Tuesday Blitz"]
[Site "Chess.com"]
[Date "2020.11.24"]
[Round "7"]
[White "DishonorOnYourCow"]
[Black "zala02"]
[Result "1-0"]
[WhiteElo "2451"]
[BlackElo "2158"]
[TimeControl "180+1"]
[EndTime "11:35:24 PST"]
[Termination "DishonorOnYourCow won on time"]

1. d4 Nf6 2. c4 e6 3. Nf3 d5 4. Nc3 Bb4 5. Bg5 dxc4 6. e4 c5 7. Bxc4 cxd4 8. Nxd4 Qa5 9. Bb5+ Bd7 10. Bxd7+ Nbxd7 11. Bd2 O-O 12. O-O Rfd8 13. Qe2 Rac8 14. Nb3 Qe5 15.
f4 Qb8 16. Rad1 Nc5 17. Nxc5 Bxc5+ 18. Kh1 Rd7 19. e5 Nd5 20. Ne4 Be7 21. Bc3 Rcd8 22. Rc1 Nxc3 23. Rxc3 Rd4 24. h3 h6 25. Rfc1 a6 26. Rc7 Rd1+ 27. Kh2 Rxc1 28. Rxc1 b5 29. Rd1 Rc8 30. Rd7 Rc7 31. Qd3 Qc8 32. Rxc7 Qxc7 33.
b3 Bb4 34. Qd4 Ba5 35. Nd6 Bb6 36. Qd1 Qc5 37. Qe1 Qd4 38. Kg3 Bc5 39. Qe4 Qc3+ 40.
Qf3 Qd4 41. Ne4 Bb6 42. Nd6 Bc5 43. h4 Qd2 44. Ne4 Qe1+ 45. Kh3 Bd4 46. Qg3 Qh1+ 47. Kg4 1-0

[Event "*** Titled Tuesday Blitz"]
[Site "Chess.com"]
[Date "2020.11.24"]
[Round "7"]
[White "sergeikim"]
[Black "Sjakkerntobi"]
[Result "1-0"]
[WhiteElo "2529"]
[BlackElo "2362"]
[TimeControl "180+1"]
[EndTime "11:35:27 PST"]
[Termination "sergeikim won on time"]

1. d4 e6 2. c4 Nf6 3. Nc3 c5 4. d5 exd5 5. cxd5 d6 6. e4 g6 7. Nge2 Bg7 8. Ng3 h5 9. h4 a6 10. a4 Qe7 11. Bg5 Qe5 12. Qc2 Bg4 13. Be2 Bxe2 14.
Qxe2 Nbd7 15. O-O O-O 16. Rad1 Qe8 17. f4 Ng4 18. e5 dxe5 19. f5 e4 20. Ncxe4 Bd4+ 21. Kh1 Qe5 22. d6 Rfe8 23. Bf4 Qd5 24. fxg6 fxg6 25.
Qc2 Rf8 26. Ng5 Rf6 27. N3e4 Raf8 28. Nxf6+ Rxf6 29. Ne4 Rf5 30. Bg5 Rxf1+ 31. Rxf1 Qe6 32. Nf6+ Ndxf6 33. Qxg6+ Kf8 34. Bxf6 Nxf6 35. Qxh5 Qxd6 36. Qf5 Ke7 37. b3 Kf7 38. h5 Qe6 39. Qg6+ Ke7 40. h6 Qf7 41. Qg5 Kd7 42. Qf5+ Kc6 43. Qf3+ Qd5 44. Qxd5+ Kxd5 45. Rf5+ Ke6 46. Rg5 Kf7 47.
Rg7+ Kf8 48. Rxb7 1-0

[Event "*** Titled Tuesday Blitz"]
[Site "Chess.com"]
[Date "2020.11.24"]
[Round "7"]
[White "Mambastik-Fantastic"]
[Black "Fusikk"]
[Result "1-0"]
[WhiteElo "2305"]
[BlackElo "2484"]
[TimeControl "180+1"]
[EndTime "11:35:29 PST"]
[Termination "Mambastik-Fantastic won by resignation"]

1. e4 c6 2. Ne2 d5 3. e5 Bf5 4. Ng3 Bg6 5. h4 h6 6. h5 Bh7 7. e6 fxe6 8. d4 e5 9. dxe5 e6 10. Bd3 Bxd3 11. Qxd3 Qc7 12. f4 Qf7 13. O-O Bc5+ 14.
Be3 Bxe3+ 15. Qxe3 Ne7 16. c4 Nf5 17. Nxf5 Qxf5 18.
Qb3 b6 19. cxd5 cxd5 20. Qa4+ Nd7 21. Nc3 a6 22. Qc6 Rd8 23. Nxd5 exd5 24. e6 O-O 25. e7 Qxh5 26. Qe6+ Qf7 27. exf8=Q+ Rxf8 28. f5 Nf6 29. Rfe1 Ne4 30. Rad1 Nf6 31. a4 Kh8 32. Qxf7 Rxf7 33. Re6 Rb7 34. g3 b5 35. a5 Ra7 36. Rc1 Ne4 37. Kg2 Ng5 38. Re8+ Kh7 39. Rcc8 Nf7 40.
Rf8 d4 41. Kf2 d3 42. Ke3 Rd7 43. Kd2 h5 44. Ra8 Kh6 45. Rxa6+ Kg5 46. Rg6+ Kxf5 47.
Rxg7 Kf6 48. Rfxf7+ Rxf7 49. Rxf7+ Kxf7 50. a6 h4 51. gxh4 Ke6 52. a7 1-0

[Event "*** Titled Tuesday Blitz"]
[Site "Chess.com"]
[Date "2020.11.24"]
[Round "7"]
[White "AvitalBor"]
[Black "GukeshDommaraju"]
[Result "0-1"]
[WhiteElo "2687"]
[BlackElo "2894"]
[TimeControl "180+1"]
[EndTime "11:35:31 PST"]
[Termination "GukeshDommaraju won by resignation"]

1. e4 c6 2. d4 d5 3. e5 Bf5 4.
Nf3 e6 5. Be2 c5 6. O-O Nc6 7. c4 dxc4 8. Be3 Nge7 9. Na3 cxd4 10. Nxd4 Nxd4 11. Bxd4 Nc6 12. Bc3 Bxa3 13. bxa3 Bd3 14.
Bxd3 Qxd3 15. Qc1 O-O-O 16. Rb1 Rd7 17. Qb2 Rhd8 18. a4 Ne7 19. Bb4 Nd5 20. Bd6 Nf4 21. Qb4 Qd5 22. f3 Nd3 23. Qc3 f6 24. Rb5 Qc6 25.
f4 g5 26. Qa5 b6 27. Qc3 gxf4 28. Qc2 fxe5 29. Bxe5 Nxe5 30. Rxe5 Rd2 31. Qe4 Qxe4 32. Rxe4 R8d4 33. Rxe6 Rxa2 34. Re7 Rdd2 35. Rc1 Rxg2+ 36. Kh1 Rxh2+ 37. Kg1 Rag2+ 38. Kf1 Rh1+ 39. Kxg2 Rxc1 40. Rxa7 h5 41. Rf7 c3 42. Rxf4 Kb7 43. Rc4 c2 44. Kh2 Ka6 45. Kg2 Ka5 46. Kh2 h4 47. Kg2 Rb1 48. Rxc2 Kxa4 49. Rc4+ Rb4 50. Rc8 b5 51.
Kf2 Rc4 52. Ra8+ Kb3 53. Ke2 b4 54. Rh8 Kb2 55. Kd2 b3 0-1

[Event "*** Titled Tuesday Blitz"]
[Site "Chess.com"]
[Date "2020.11.24"]
[Round "7"]
[White "MattyDPerrine"]
[Black "WPWPWP-2015"]
[Result "1-0"]
[WhiteElo "2387"]
[BlackElo "2502"]
[TimeControl "180+1"]
[EndTime "11:35:31 PST"]
[Termination "MattyDPerrine won on time"]

1. e4 c5 2. Nf3 d6 3. Bb5+ Nd7 4.
Ba4 a6 5. c4 Nf6 6. O-O Nxe4 7.
Re1 Nf6 8. d4 e6 9. d5 e5 10.
Nxe5 Be7 11. Nc6 bxc6 12. dxc6 O-O 13. cxd7 Bxd7 14. Bxd7 Qxd7 15. Nc3 Rfe8 16. Bg5 h6 17. Bh4 Qf5 18. Qd2 Bf8 19. Bxf6 Qxf6 20. Nd5 Qh4 21. b3 Rac8 22. g3 Qg4 23. Rad1 Re6 24. Nf4 Rf6 25. Kg2 h5 26. h3 Qf5 27. Qd5 h4 28. Qxf5 Rxf5 29.
Rd5 Rf6 30. Re2 g6 31. Rd3 Kg7 32. Nd5 Re6 33. Rde3 hxg3 34. Rxe6 fxe6 35. Rxe6 gxf2 36. Kxf2 Kf7 37. Rf6+ Kg7 38. Re6 Rd8 39. Kf3 Kf7 40. Re4 Bg7 41. Re7+ Kg8 42. Ra7 Rf8+ 43. Kg2 Rf5 44.
Ne7+ Kf8 45. Nxf5 gxf5 46. Rxa6 Be5 47. Kf3 Ke7 48. Ra7+ Kf6 49. h4 Bc3 50. Rd7 Ke6 51. Rb7 1-0

[Event "*** Titled Tuesday Blitz"]
[Site "Chess.com"]
[Date "2020.11.24"]
[Round "7"]
[White "Geller_Jakov"]
[Black "No_t_ime_to_die"]
[Result "1-0"]
[WhiteElo "2616"]
[BlackElo "2421"]
[TimeControl "180+1"]
[EndTime "11:35:33 PST"]
[Termination "Geller_Jakov won by resignation"]

1. e4 c5 2. Nf3 Nc6 3. d4 cxd4 4.
Nxd4 g6 5. Nc3 Bg7 6. Be3 Nf6 7.
Bc4 d6 8. f3 Qb6 9. Bb3 Nxe4 10. Nf5 Nxc3 11. Nxg7+ Kf8 12. Qd2 Qa5 13. Bh6 Nb5 14.
c3 Kg8 15. Qd5 e6 16. Nh5 Qd8 17. Qxb5 gxh5 18. Qxh5 Qf6 19. O-O-O d5 20. Bxd5 exd5 21. Rxd5 Be6 22. Rg5+ Qg6 23. Rxg6+ hxg6 24. Qg5 Rd8 25. h4 Rd5 26. Qf4 Rf5 27. Qc7 Rxh6 28. Qxb7 Ne5 29. Qxa7 Nd3+ 30. Kc2 Rd5 31. g4 Kg7 32. a4 Rh8 33. h5 Rhd8 34. hxg6 Kxg6 35. Qe3 Kf6 36. Rh5 Rxh5 37. gxh5 Bf5 38. Qb6+ Ke7 39. Kb3 Rd5 40. c4 Nc1+ 41. Kc3 Rd3+ 42. Kb4 Rb3+ 43. Kc5 Rxb6 44. Kxb6 Nb3 45. a5 Bd3 46. h6 Kf6 47. c5 Kg6 48. c6 Bf5 49. a6 Nd2 50. a7 Nc4+ 51. Kc5 1-0

[Event "*** Titled Tuesday Blitz"]
[Site "Chess.com"]
[Date "2020.11.24"]
[Round "7"]
[White "ashookk"]
[Black "WildTricks"]
[Result "0-1"]
[WhiteElo "2257"]
[BlackElo "2461"]
[TimeControl "180+1"]
[EndTime "11:35:33 PST"]
[Termination "WildTricks won on time"]

1. Nf3 Nf6 2. c4 b6 3. Nc3 Bb7 4. d4 e6 5. a3 d5 6. cxd5 Nxd5 7.
Bd2 Be7 8. Qc2 O-O 9. e4 Nxc3 10. Bxc3 c5 11. dxc5 bxc5 12. Rd1 Qc8 13. Bc4 Nc6 14. O-O Ba6 15. Bxa6 Qxa6 16. Rd7 Rfd8 17. Rfd1 Rxd7 18. Rxd7 Rd8 19. Rxd8+ Bxd8 20. Qd1 Qb7 21. Qd6 Be7 22. Qd3 Bf6 23. Bxf6 gxf6 24. Qc3 Qe7 25. h3 Kg7 26. b4 Qd6 27. Qxc5 Qxc5 28. bxc5 Kf8 29. Kf1 Ke7 30. Ke2 Na5 31. Kd3 Kd7 32. Nd4 e5 33. Nf5 Kc6 34. Nd6 Kxc5 35. Nxf7 Nc4 36. a4 Nb2+ 37.
Kc2 Nxa4 38. Nh6 Kc4 39. Nf5 Nc5 40. f3 a5 41. g4 a4 42. h4 a3 43. g5 fxg5 44. hxg5 Na4 45. Ne3+ Kb4 46. Nd5+ Kc4 47. Kb1 Kb3 48. Ka1 Nc5 49. Nf6 a2 50. Nxh7 Ka3 0-1

[Event "*** Titled Tuesday Blitz"]
[Site "Chess.com"]
[Date "2020.11.24"]
[Round "7"]
[White "Omk124"]
[Black "TheCairnTerrier"]
[Result "0-1"]
[WhiteElo "2337"]
[BlackElo "2175"]
[TimeControl "180+1"]
[EndTime "11:35:33 PST"]
[Termination "TheCairnTerrier won by resignation"]

1. e4 c5 2. Nf3 e6 3. d4 cxd4 4. Nxd4 Nf6 5. Nc3 d6 6. Be2 Be7 7. O-O O-O 8. a4 b6 9. f4 Bb7 10. e5 dxe5 11. fxe5 Nfd7 12. Bf4 Qc7 13. Ncb5 Qc5 14.
Bf3 Bxf3 15. Qxf3 Na6 16. Rae1 Nb4 17. c3 Nd5 18. Bc1 a6 19. Na3 Qc7 20. Qg3 Bxa3 21. bxa3 Qxc3 22. Qg4 g6 23. Kh1 Rac8 24. Bh6 Rc4 25. Re4 Qd3 26. Rfe1 Nxe5 27. Rxe5 Rxd4 28. Qg5 Rc8 29. h3 f6 30. Qg4 Rxg4 31. Rxe6 Rgc4 32. Re8+ Rxe8 33. Rxe8+ Kf7 34. Rf8+ Ke6 35. Re8+ Kf5 36. Re1 Qxa3 37. Kh2 Qc3 38. Re2 Qe5+ 39. Rxe5+ Kxe5 40. g4 Rxa4 41. Kg3 f5 42. Kh4 f4 43. Bg7+ Ke4 44. g5 f3 45. Kg4 Ke3+ 46. Kg3 Ke2 47. Bd4 Rxd4 48. Kh2 f2 49. h4 f1=Q 50. h5 Rh4+ 51.
Kg3 Qf4+ 52. Kg2 Rh2+ 0-1

[Event "*** Titled Tuesday Blitz"]
[Site "Chess.com"]
[Date "2020.11.24"]
[Round "7"]
[White "esrosenberg"]
[Black "Ladislav1969"]
[Result "0-1"]
[WhiteElo "2150"]
[BlackElo "2342"]
[TimeControl "180+1"]
[EndTime "11:35:33 PST"]
[Termination "Ladislav1969 won on time"]

1. Nf3 Nf6 2. c4 g6 3. Nc3 d5 4. cxd5 Nxd5 5. e4 Nxc3 6. dxc3 Qxd1+ 7. Kxd1 Bg7 8. Bf4 c6 9. Bc4 Bg4 10. Kc2 Bxf3 11. gxf3 e5 12. Bg5 h6 13. Be3 Nd7 14.
Rad1 Nf6 15. Bc5 Bf8 16. Bd6 Bxd6 17. Rxd6 Ke7 18. Rhd1 Rac8 19. f4 exf4 20. e5 Nd5 21. Bxd5 cxd5 22. R1xd5 Rc7 23. h4 Re8 24. h5 Rg8 25.
Rf6 gxh5 26. Rxf4 Rc6 27. Rfd4 Ke6 28. f4 Rg2+ 29. Rd2 Rxd2+ 30. Rxd2 Kf5 31. Rh2 Kg4 32.
Kd3 h4 33. Ke4 Kg3 34. Rd2 h3 35. f5 h2 36. Rxh2 Kxh2 37. Kd5 h5 38. e6 fxe6+ 39. fxe6 h4 40. e7 Rc8 41. Kd6 h3 42. Kd7 Rh8 43. e8=Q Rxe8 44. Kxe8 Kg3 45. Kd7 h2 46. Kc7 h1=Q 47.
Kb8 Qc6 48. Kxa7 Qa6+ 49. Kb8 Qxa2 50. b4 Qd5 51. Ka7 Kf4 52. Kb6 Qc6+ 53. Ka5 Qxc3 54. Kb5 Ke5 55. Ka4 Kd6 0-1

[Event "*** Titled Tuesday Blitz"]
[Site "Chess.com"]
[Date "2020.11.24"]
[Round "7"]
[White "zurzan"]
[Black "svilson23"]
[Result "0-1"]
[WhiteElo "2075"]
[BlackElo "2248"]
[TimeControl "180+1"]
[EndTime "11:35:33 PST"]
[Termination "svilson23 won by resignation"]

1. f4 d5 2. Nf3 c5 3. g3 Nc6 4. Bg2 g6 5. O-O Bg7 6. d3 e6 7. c3 d4 8. e4 dxe3 9. Bxe3 b6 10. d4 Nge7 11. dxc5 Ba6 12. Re1 O-O 13. Qxd8 Rfxd8 14. cxb6 Nd5 15. Bf2 axb6 16. Nbd2 Rab8 17. Rac1 b5 18. a3 Na5 19. h3 Nc4 20. Nxc4 bxc4 21. Rc2 Rd7 22. Nd4 Rdb7 23. Ree2 Rc7 24. Red2 Bb7 25.
Nb5 Rd7 26. Bf1 Ba6 27. Nd4 Nf6 28. Kh2 Ne4 29. Re2 Nxf2 30. Rxf2 Bxd4 31. cxd4 Rxd4 32. Rfd2 Rxd2+ 33. Rxd2 c3 34. bxc3 Bxf1 35. Rd4 Rc8 36. Kg1 Bc4 37. Kf2 Kf8 38. Ke3 Ke7 39. Kd2 Bd5 40.
h4 Kd6 41. Kc2 Kc5 42. Kb2 Rb8+ 43. Kc2 Ra8 44. Kb2 f6 45. g4 e5 46. fxe5 fxe5 47.
Rb4 e4 48. a4 Ra7 49. Kc2 e3 50. Kd1 Bf3+ 51. Ke1 Rd7 52. Rd4 Rxd4 53. cxd4+ Kxd4 54. a5 Bb7 55. h5 Ke4 56. hxg6 hxg6 57. g5 Kf4 58.
Ke2 Ba6+ 59. Ke1 Kxg5 60. Kd1 Kf4 61. Ke1 g5 0-1

[Event "*** Titled Tuesday Blitz"]
[Site "Chess.com"]
[Date "2020.11.24"]
[Round "7"]
[White "Rainmond"]
[Black "exoticprincess"]
[Result "0-1"]
[WhiteElo "2777"]
[BlackElo "2906"]
[TimeControl "180+1"]
[EndTime "11:35:35 PST"]
[Termination "exoticprincess won by checkmate"]

1. d4 d5 2. Nf3 c6 3. Bf4 Nf6 4. e3 Bg4 5. c4 e6 6. Nc3 Nbd7 7. Qb3 Qc8 8. Nh4 Be7 9. h3 Bh5 10. g4 Bg6 11. Nxg6 hxg6 12. Bg2 Nb6 13. cxd5 exd5 14. Rc1 Qe6 15. Na4 Nxa4 16. Qxa4 O-O 17. Qb3 Qd7 18.
Be5 a5 19. O-O a4 20. Qd3 Rfd8 21. f4 Ne8 22. g5 Nd6 23. Kh2 Nf5 24. Bf3 Ra5 25.
Bg4 Rb5 26. Rc2 f6 27. gxf6 gxf6 28. Rg1 Kf7 29. Rf2 Qe6 30. h4 Rh8 31. h5 Ke8 32. Rf3 Rxb2+ 33. Kh1 fxe5 34. fxe5 Rxa2 35. Rh3 Ra3 36. Qb1 Rb3 37. Qe1 a3 38. hxg6 Rg8 39. e4 Rxh3+ 40. Bxh3 Rh8 41. Kh2 Ng7 42. Rg3 dxe4 43.
Qa5 Kd7 44. Qb6 Kc8 45. Qa5 Kd7 46. Qb6 Bd8 47. Qxb7+ Bc7 48. Kg2 Rxh3 49. Rxh3 Qg4+ 50. Rg3 Qe2+ 51. Kh3 a2 52. d5 Qh5+ 53. Kg2 Qe2+ 54. Kh3 a1=Q 55. Qxc6+ Kc8 56. d6 Qh1# 0-1

[Event "*** Titled Tuesday Blitz"]
[Site "Chess.com"]
[Date "2020.11.24"]
[Round "7"]
[White "Mr_Heisenberg13"]
[Black "DrVelja"]
[Result "0-1"]
[WhiteElo "2525"]
[BlackElo "2779"]
[TimeControl "180+1"]
[EndTime "11:35:35 PST"]
[Termination "DrVelja won by resignation"]

1. e4 c5 2. Nf3 d6 3. Bb5+ Nd7 4. O-O a6 5. Bd3 Ngf6 6. Re1 e6 7. c3 b5 8. Bc2 Bb7 9. d4 Be7 10. Nbd2 Qc7 11. a4 O-O 12. Nf1 Rfe8 13. Ng3 Bf8 14. Qe2 cxd4 15. cxd4 Rec8 16. Bd3 bxa4 17. Rxa4 a5 18. Ra1 a4 19. Bd2 Qb6 20. Bc3 Ba6 21. Bxa6 Rxa6 22. Qe3 Qb3 23. Ra3 Qb5 24. Raa1 Nb6 25.
d5 e5 26. Nf5 g6 27. Qg5 Nbd7 28. Nh6+ Bxh6 29. Qxh6 a3 30. Qd2 axb2 31. Qxb2 Qxb2 32.
Bxb2 Rxa1 33. Bxa1 Rc2 34. h3 Nc5 35. Nxe5 dxe5 36. Bxe5 Nd3 37. Bxf6 Nxe1 38. d6 Rd2 39. e5 Kf8 40. Kf1 Nc2 41. g4 Ke8 42. f4 Kd7 43. f5 gxf5 44. gxf5 Ne3+ 45. Ke1 Rg2 46. e6+ fxe6 47.
fxe6+ Kxe6 48. h4 Kxf6 49. h5 Ke6 50. h6 Nc2+ 51. Kf1 Rd2 0-1

[Event "*** Titled Tuesday Blitz"]
[Site "Chess.com"]
[Date "2020.11.24"]
[Round "7"]
[White "politeplayer"]
[Black "canary2016"]
[Result "0-1"]
[WhiteElo "2226"]
[BlackElo "1990"]
[TimeControl "180+1"]
[EndTime "11:35:35 PST"]
[Termination "canary2016 won by resignation"]

1. e4 c5 2. Nf3 d6 3. d4 cxd4 4. Nxd4 Nf6 5. Nc3 a6 6. h3 g6 7.
Be3 Bg7 8. Qd2 O-O 9. Bh6 Nc6 10. Bxg7 Kxg7 11. Be2 Qb6 12. Nb3 Bd7 13. g4 Be6 14. O-O-O Rac8 15. f4 Nb4 16. g5 Nd7 17. Qd4+ Qxd4 18.
Nxd4 Bxa2 19. Bg4 e6 20. f5 Ne5 21. fxe6 Nxg4 22. e7 Rfe8 23. hxg4 Rxe7 24. Rh2 Be6 25.
Rdh1 Rh8 26. Nf5+ Bxf5 27. gxf5 Re5 28. f6+ Kg8 29. Rd1 Rxg5 30. Rxd6 Nc6 31. Nd5 h5 32.
Ne7+ Nxe7 33. fxe7 Re5 34. Rd8+ Kg7 35. Rxh8 Kxh8 36.
Rf2 Rxe7 37. Kd2 Kg7 38. Kd3 Re6 39. c4 Rb6 40. b4 Rxb4 41. Kd4 Rb6 42. Kc5 Rc6+ 43.
Kd5 f6 44. e5 fxe5 45. Kxe5 Rxc4 46. Rb2 Rc7 47. Rb6 Rf7 48. Ke4 Kh6 49. Ke3 Kg5 50. Ke4 Kg4 51. Ke5 g5 52. Ke6 Rh7 53. Kf6 Rh6+ 0-1

[Event "*** Titled Tuesday Blitz"]
[Site "Chess.com"]
[Date "2020.11.24"]
[Round "7"]
[White "ChainsOfFantasia"]
[Black "Mikasinski"]
[Result "1-0"]
[WhiteElo "2484"]
[BlackElo "2332"]
[TimeControl "180+1"]
[EndTime "11:35:36 PST"]
[Termination "ChainsOfFantasia won by resignation"]

1. d4 Nf6 2. Nf3 g6 3. c4 Bg7 4. Nc3 O-O 5. e4 d6 6. Be2 e5 7. O-O Nc6 8. d5 Ne7 9. Ne1 Nd7 10. Nd3 f5 11. f3 f4 12. Bd2 g5 13. Rc1 Ng6 14.
c5 Nf6 15. a4 Rf7 16. cxd6 cxd6 17. Nf2 h5 18. h3 Bf8 19. Qc2 Rg7 20. Nb5 Bd7 21. Qb3 g4 22. fxg4 Nh4 23. Nc7 hxg4 24. hxg4 Nxg4 25. Ne6 Nxf2 26. Rxf2 Bxe6 27. dxe6 Kh8 28.
Rc3 Rh7 29. Rh3 Qe7 30. Rf1 Re8 31. Be1 Ng6 32. Bg4 Rxh3 33. Qxh3+ Kg7 34. Bf5 Qg5 35. g3 Be7 36. Qg2 fxg3 37. Bxg3 Nh4 38. Bxh4 Qxg2+ 39. Kxg2 Bxh4 40. Rc1 Re7 41. Kf3 Kf6 42. Rc8 d5 43.
Rf8+ Kg7 44. Ra8 dxe4+ 45. Kxe4 b6 46. Kd5 Bf6 47. b4 Bg5 48. Kxe5 Bf6+ 49. Kd6 Kh6 50. Rg8 Bg5 51. Rxg5 Kxg5 52. Kxe7 Kxf5 1-0

[Event "*** Titled Tuesday Blitz"]
[Site "Chess.com"]
[Date "2020.11.24"]
[Round "7"]
[White "Nitzan_Steinberg"]
[Black "AlexeiShirov"]
[Result "1-0"]
[WhiteElo "2886"]
[BlackElo "2840"]
[TimeControl "180+1"]
[EndTime "11:35:37 PST"]
[Termination "Nitzan_Steinberg won by resignation"]

1. e4 e5 2. Nf3 Nc6 3. Bb5 a6 4.
Ba4 Nf6 5. O-O b5 6. Bb3 Bc5 7.
a4 Rb8 8. c3 d6 9. d4 Bb6 10.
a5 Ba7 11. h3 O-O 12. Be3 Re8 13. Nbd2 exd4 14. cxd4 Nb4 15. Qb1 c5 16. dxc5 Bxc5 17. Bg5 h6 18. Bh4 Bb7 19. Re1 Nc6 20. Qa2 Qe7 21.
Rad1 Ne5 22. Nxe5 dxe5 23. Bd5 g5 24. Bxb7 Qxb7 25. Bg3 Bb4 26. h4 Rbd8 27. b3 Rxd2 28. Rxd2 Nxe4 29. Rd7 Qxd7 30. Rxe4 Qd1+ 31. Kh2 Bd6 32.
b4 Kg7 33. Qb2 f6 34. Qc3 Qd5 35. Re2 Qc4 36. Qf3 gxh4 37. Re4 Qe6 38. Rg4+ Kh7 39. Rxh4 f5 40. Rh3 f4 41. Bh4 e4 42. Qh5 Qg6 43. Qd5 f3+ 44. g3 e3 45. Bg5 e2 46. Bxh6 Qxh6 47.
Qf7+ 1-0

[Event "*** Titled Tuesday Blitz"]
[Site "Chess.com"]
[Date "2020.11.24"]
[Round "7"]
[White "OK97"]
[Black "azikom"]
[Result "1/2-1/2"]
[WhiteElo "2781"]
[BlackElo "2610"]
[TimeControl "180+1"]
[EndTime "11:35:37 PST"]
[Termination "Game drawn by agreement"]

1. d4 d5 2. c4 c6 3. Nf3 Nf6 4. Qb3 e6 5. Bg5 Nbd7 6. Nc3 h6 7. Bh4 Be7 8. e3 O-O 9. Rd1 b6 10. Be2 Bb7 11. O-O c5 12. Bxf6 Nxf6 13. dxc5 Bxc5 14.
cxd5 exd5 15. Nd4 Qe7 16. Bf3 Rfd8 17. a3 g6 18. Qa2 Kg7 19. g3 Rac8 20. Rfe1 Ne4 21.
Nce2 Qf6 22. Nf4 Kh7 23. Qb1 Kh8 24. Kg2 a6 25. Nxd5 Rxd5 26. Bxe4 Bxd4 27. exd4 Rcd8 28. Kg1 R5d7 29. Bxb7 Rxb7 30. d5 Rbd7 31. Qa2 Kg7 32. Re3 b5 33. Red3 Rd6 34. Qb3 Re8 35. Kg2 Re2 36. Rf3 Qxb2 37. Qd3 Qe5 38. h4 Qe4 39. Qxe4 Rxe4 40. Rc3 Re5 41. Rc6 Rxc6 42. dxc6 Rc5 43. Rd6 a5 44. Kf1 b4 45. axb4 axb4 46. Rd4 b3 47.
Rb4 Rxc6 48. Rxb3 h5 49. Re3 Rc5 50. Kg2 1/2-1/2

[Event "*** Titled Tuesday Blitz"]
[Site "Chess.com"]
[Date "2020.11.24"]
[Round "7"]
[White "dpopadic"]
[Black "beautroll"]
[Result "0-1"]
[WhiteElo "2331"]
[BlackElo "2421"]
[TimeControl "180+1"]
[EndTime "11:35:37 PST"]
[Termination "beautroll won by resignation"]

1. e4 c5 2. Nc3 d6 3. f4 Nf6 4. Nf3 g6 5. Bb5+ Bd7 6. Bxd7+ Qxd7 7. d3 Bg7 8. O-O O-O 9. Qe1 Nc6 10. Qh4 Nb4 11. Rf2 Ng4 12. Re2 f5 13. exf5 Qxf5 14. a3 Nc6 15. Bd2 Bf6 16. Qe1 Nd4 17. Nxd4 Bxd4+ 18. Kh1 Qh5 19. h3 e5 20. Ne4 exf4 21. c3 Be5 22. Qf1 Nh2 23. Qd1 f3 24. Rf2 d5 25.
d4 cxd4 26. cxd4 Bb8 27. Ng5 Qh4 28. g3 Qxg3 29. Qg1 Qd6 30. Rxh2 Qxh2+ 31. Qxh2 Bxh2 32. Kxh2 Rae8 33. Kg3 Re2 34. Nxf3 Rxf3+ 35. Kxf3 Rxd2 36. Ke3 Rxb2 37. Rc1 Rb3+ 38. Kf4 Rxa3 39. Rc7 b5 40. h4 b4 41. Kg5 b3 42. Rb7 Kf8 43. Kf6 Ra6+ 44. Ke5 Rb6 45. Rxa7 b2 46. Ra8+ Kg7 47. Ra7+ Kh6 0-1

[Event "*** Titled Tuesday Blitz"]
[Site "Chess.com"]
[Date "2020.11.24"]
[Round "7"]
[White "Loy_Konstantin"]
[Black "tan275"]
[Result "1-0"]
[WhiteElo "2382"]
[BlackElo "2195"]
[TimeControl "180+1"]
[EndTime "11:35:39 PST"]
[Termination "Loy_Konstantin won on time"]

1. e4 c6 2. d4 d5 3. exd5 cxd5 4.
c4 Nf6 5. Nc3 g6 6. cxd5 Bg7 7.
Bc4 O-O 8. Nge2 Nbd7 9. Nf4 Nb6 10.
Bb3 g5 11. Nh5 Nxh5 12. Qxh5 h6 13. h4 Bf5 14. hxg5 Bg6 15. Qf3 h5 16. g4 hxg4 17. Qxg4 Qc8 18. Qxc8 Raxc8 19. Be3 Nc4 20. Bxc4 Rxc4 21.
Rd1 Rfc8 22. O-O a6 23. f3 b5 24. Ne4 Rc2 25. Rf2 Rxf2 26. Kxf2 Rc2+ 27. Rd2 Bxe4 28. fxe4 Rxd2+ 29. Bxd2 Bxd4+ 30. Ke2 Bxb2 31. Kd3 Kg7 32. Bb4 Kf8 33. Bc3 Ba3 34. e5 Ke8 35. e6 fxe6 36. dxe6 Kf8 37. g6 Bd6 38. Ke4 b4 39. Bd4 a5 40.
Kd3 a4 41. Kc4 b3 42. axb3 axb3 43. Kxb3 Kg8 44. Kc4 Kf8 45. Kd5 Kg8 46. Kc6 Kf8 47.
Kd7 Kg8 48. Bb6 1-0

[Event "*** Titled Tuesday Blitz"]
[Site "Chess.com"]
[Date "2020.11.24"]
[Round "7"]
[White "Hercog"]
[Black "Chessalary"]
[Result "0-1"]
[WhiteElo "2271"]
[BlackElo "2419"]
[TimeControl "180+1"]
[EndTime "11:35:40 PST"]
[Termination "Chessalary won on time"]

1. d4 d5 2. c4 e6 3. Nc3 c6 4. e3 Nf6 5. Nf3 Nbd7 6. Be2 b5 7.
cxb5 cxb5 8. Bxb5 Bd6 9. O-O O-O 10. Bd3 h6 11. Qe2 Rb8 12. e4 dxe4 13. Nxe4 Nxe4 14. Bxe4 Nf6 15. Bd3 Qc7 16. Be3 Bb7 17. h3 Nd5 18. Rac1 Qb6 19. Ne5 Bxe5 20. dxe5 Nxe3 21. Qxe3 Qxe3 22.
fxe3 Rfd8 23. Bc4 Be4 24. b3 Rd2 25. Rf2 Rbd8 26. Rcf1 R2d7 27. a4 a5 28. Rf4 Bc6 29.
R1f2 Rc7 30. Rd4 Rxd4 31. exd4 Bxa4 32. Ra2 Bc6 33. Rxa5 Be4 34. Kf2 Rd7 35. Ke3 Bxg2 36. h4 g5 37. hxg5 hxg5 38. Ra2 Bh3 39. Rd2 Kg7 40.
d5 exd5 41. Rxd5 Re7 42. Kf3 Bc8 43. Rc5 Bb7+ 44. Kg4 Kh6 45. Kf5 Rd7 46. Rb5 Bc8 47. Rb6+ Rd6+ 0-1

[Event "*** Titled Tuesday Blitz"]
[Site "Chess.com"]
[Date "2020.11.24"]
[Round "7"]
[White "manipun1"]
[Black "profofchess"]
[Result "1-0"]
[WhiteElo "2257"]
[BlackElo "2379"]
[TimeControl "180+1"]
[EndTime "11:35:40 PST"]
[Termination "manipun1 won by resignation"]

1. e4 e6 2. Nf3 d5 3. Nc3 Nf6 4. e5 Nfd7 5. d4 c5 6. dxc5 Nc6 7. Bf4 Be7 8. Bd3 Nxc5 9. O-O f5 10. exf6 Bxf6 11.
Qe2 O-O 12. Bg3 Kh8 13. Rfe1 Nxd3 14. cxd3 Nd4 15. Nxd4 Bxd4 16. Qh5 Qf6 17. Re2 Bd7 18. Rf1 g6 19. Qh6 b5 20. Nd1 e5 21. Ne3 Be6 22. b3 Rac8 23. Bh4 Qg7 24. Qg5 h6 25. Qe7 Qxe7 26.
Bxe7 Rf7 27. Bb4 Rfc7 28. h3 Rc1 29. g4 Rxf1+ 30. Kxf1 Rc1+ 31. Kg2 Kg7 32. Nc2 Bc8 33. Nxd4 exd4 34. Bd6 h5 35. Be5+ Kf7 36. gxh5 gxh5 37. Bxd4 Bf5 38. Bxa7 Bxd3 39. Rd2 Bf1+ 40. Kg3 Rc3+ 41. Kf4 Bxh3 42. Rxd5 Bg4 43. Rxb5 Rf3+ 44. Kg5 Rd3 45. Be3 Rd1 46. Rb7+ Ke6 47. Rb6+ Kd5 48. a4 Ke4 49. a5 Rd5+ 50. Kh4 Rxa5 51. b4 Ra1 52.
Rh6 Kf3 53. b5 Rh1+ 54. Kg5 Rb1 55. b6 Rb5+ 56. Kf6 Kg2 57. Ke7 Kh3 58. Kd8 h4 59. Kc7 Bf3 60. Bd4 Bh5 61. b7 Kg2 62. Rxh5 Rxh5 63.
b8=Q Rh7+ 64. Kd6 h3 65. Qg8+ 1-0

[Event "*** Titled Tuesday Blitz"]
[Site "Chess.com"]
[Date "2020.11.24"]
[Round "7"]
[White "ChessQueen"]
[Black "Squirlolz"]
[Result "1/2-1/2"]
[WhiteElo "2732"]
[BlackElo "2565"]
[TimeControl "180+1"]
[EndTime "11:35:41 PST"]
[Termination "Game drawn by repetition"]

1. e4 e6 2. d4 d5 3. Nc3 Nf6 4. Bg5 Be7 5. e5 Nfd7 6. h4 h6 7. Bxe7 Qxe7 8. Qg4 O-O 9. f4 c5 10. Nf3 Nc6 11. O-O-O f5 12. Qh3 cxd4 13. Nxd4 Nc5 14. g4 fxg4 15. Qxg4 Nxd4 16. Rxd4 Kh8 17. Rg1 Bd7 18. Bd3 Nxd3+ 19. Rxd3 Rf5 20. Rdg3 Rg8 21. Ne2 Qf8 22. Rf3 Be8 23. Qg3 Bh5 24. Nd4 Bxf3 25.
Nxf5 Qxf5 26. Qxf3 Rf8 27. Rg4 Qxe5 28. Qg3 Qf6 29. Qe3 Qf5 30. Qg3 Rf7 31. b3 Qf6 32. Kb1 Kg8 33. h5 Qf5 34. Rg6 Qxf4 35. Rxg7+ Kf8 36.
Rg8+ Ke7 37. Qc3 Qf1+ 38. Kb2 Qf6 39. Rg6 Qxc3+ 40. Kxc3 Rh7 41. Kd4 Kd6 42. c4 dxc4 43.
bxc4 b6 44. a4 Rh8 45. Rf6 Rh7 46. Rg6 a6 47. Rf6 Rh8 48. Rg6 Rh7 49. Rf6 Rh8 50.
Rf7 Rg8 51. Rf6 Rg4+ 52. Kd3 Rg3+ 53. Kd4 Rg4+ 54. Kd3 Rg3+ 55. Kd4 Rg4+ 1/2-1/2

[Event "*** Titled Tuesday Blitz"]
[Site "Chess.com"]
[Date "2020.11.24"]
[Round "7"]
[White "Chesswizard_2007"]
[Black "Jumbo"]
[Result "1-0"]
[WhiteElo "2649"]
[BlackElo "2837"]
[TimeControl "180+1"]
[EndTime "11:35:44 PST"]
[Termination "Chesswizard_2007 won by resignation"]

1. d4 Nf6 2. c4 e6 3. Nc3 Bb4 4. Qc2 d6 5. a3 Bxc3+ 6. Qxc3 Nc6 7. Nf3 a5 8. g3 a4 9. Bg2 O-O 10. O-O Qe7 11. Bg5 h6 12. Bxf6 Qxf6 13. Rad1 e5 14. dxe5 dxe5 15. Nd2 Nd4 16. Rfe1 Bg4 17.
f3 Bf5 18. e3 Nc6 19. f4 Qg6 20. Nf3 Bg4 21. Rd5 Bxf3 22. Bxf3 Rfe8 23. Kf2 Re7 24.
Rb5 Rae8 25. Rxb7 Na5 26. Qxa5 exf4 27. gxf4 Qf6 28. Qd2 g5 29. Rb5 gxf4 30. e4 c6 31. Rf5 Qh4+ 32. Kf1 Re6 33. Qxf4 Qh3+ 34. Bg2 Qd3+ 35.
Kg1 Rg6 36. Kh1 Qxc4 37. Rg1 Re7 38. Rf6 Kg7 39. Rxg6+ fxg6 40. Bf3 Qe6 41. Qg3 Rf7 42. Qg2 g5 43. Bg4 Qe5 44. Bf5 Rb7 45. Rb1 Rb3 46. Qc2 c5 47. Qd2 Qxe4+ 48. Bxe4 1-0